 Dungeon Crawl Stone Soup version 0.27-a0-1595-g0b823d0a13 (webtiles) character file.

Game seed: 9929207116810210637

339 Brandom the Skirmisher (level 6, -1/56 HPs)
             Began as a Draconian Abyssal Knight on July 20, 2021.
             Was a Believer of Lugonu.
             Slain by a black bear (6 damage)
             ... on level 4 of the Dungeon.
             The game lasted 00:06:39 (3919 turns).

Brandom the Skirmisher (Draconian Abyssal Knight)   Turns: 3919, Time: 00:06:39

Health: -1/56      AC:  6    Str: 14    XL:     6   Next: 29%
Magic:  8/8        EV: 12    Int: 14    God:    Lugonu [**....]
Gold:   186        SH:  0    Dex: 11    Spells: 5/5 levels left

rFire    . . .     SeeInvis .   a - +1 falchion
rCold    . . .     Faith    .   (no shield)
rNeg     . . .     Spirit   .   (armour unavailable)
rPois    .         Reflect  .   (helmet restricted)
rElec    .         Harm     .   (no cloak)
rCorr    .         Rampage  .   (no gloves)
Will     .....                  (no boots)
Stlth    +.........             (no amulet)
HPRegen  0.18/turn              (no ring)
MPRegen  0.11/turn              (no ring)

@: no status effects
A: AC +6, unfitting armour, cold-blooded
a: Renounce Religion, Depart the Abyss, Bend Space


You were on level 4 of the Dungeon.
You worshipped Lugonu.
Lugonu was pleased with you.
You visited 1 branch of the dungeon, and saw 4 of its levels.
You visited the Abyss 1 time.

You collected 186 gold pieces.

Inventory:

Hand Weapons
 a - a +1 falchion (weapon)
Missiles
 c - 7 poisoned darts (quivered)
Armour
 f - a +0 pair of gloves
   (You found it on level 2 of the Dungeon)
Wands
 d - a wand of iceblast (2)
   (You found it on level 4 of the Dungeon)
 v - a wand of digging (3)
   (You found it on level 4 of the Dungeon)
Scrolls
 e - a scroll of fear {unknown}
 g - a scroll of blinking {unknown}
 j - a scroll of magic mapping {unknown}
Potions
 b - 3 potions of haste {unknown}
 h - a potion of invisibility {unknown}
 i - a potion of flight {unknown}


   Skills:
 * Level 5.5 Fighting
 + Level 3.4 Long Blades
 + Level 3.3 Dodging
 + Level 3.6 Invocations


You had 5 spell levels left.
You didn't know any spells.
Your spell library contained the following spells:

 Spells                   Type           Power      Damage    Failure   Level
 Slow                     Hex            0%         N/A       41%         2
 Sublimation of Blood     Necr           0%         N/A       41%         2
 Wereblood                Tmut           0%         N/A       41%         2
 Confusing Touch          Hex            0%         N/A       65%         3
 Summon Guardian Golem    Hex/Summ       0%         N/A       65%         3
 Vampiric Draining        Necr           0%         2d6       65%         3
 Alistair's Intoxication  Tmut/Pois      0%         N/A       100%        5
 Borgnjor's Vile Clutch   Necr/Erth      0%         N/A       100%        5
 Yara's Violent Unravell  Hex/Tmut       0%         3d3       100%        5
 Eringya's Noxious Bog    Tmut/Pois      0%         N/A       100%        6
 Orb of Destruction       Conj           0%         N/A       100%        7
 Spellforged Servitor     Conj/Summ      0%         N/A       100%        7
 Summon Hydra             Summ           0%         N/A       100%        7


Dungeon Overview and Level Annotations

Branches:
Dungeon (4/15)
 Temple: D:4-7

Altars:
Ru
Trog
Uskayaw
Zin

Annotations:
D:4 3 runed translucent doors, MovingMist's ghost, amateur GrFi; Xenophilius's ghost, weakling OgAK; orehx's ghost, amateur OpTm; p0werm0de's ghost, novice GrFi


Innate Abilities, Weirdness & Mutations

Your plain brown scales are hard. (AC +6)
You cannot fit into any form of body armour.
You are cold-blooded and may be slowed by cold attacks.


Message History

Throw: 12 darts (poison)
Aim: a black bear (severely wounded, berserk, 65% to hit)
You throw a poisoned dart.
The poisoned dart barely misses the black bear.
The poisoned dart hits the black bear.
The black bear is poisoned.
The black bear bites you. The black bear barely misses you.
The black bear closely misses you.
The black bear bites you but does no damage.
The black bear closely misses you.
The black bear claws you but does no damage.
Throw: 11 darts (poison)
Aim: a black bear (severely wounded, berserk, 65% to hit)
You throw a poisoned dart. The poisoned dart hits the black bear.
The black bear misses you. The black bear closely misses you.
The black bear barely misses you.
Throw: 10 darts (poison)
Aim: a black bear (severely wounded, berserk, 65% to hit)
You throw a poisoned dart.
The poisoned dart barely misses the black bear.
The poisoned dart barely misses the black bear.
The black bear bites you.
* * * LOW HITPOINT WARNING * * *
The black bear claws you.
* * * LOW HITPOINT WARNING * * *
The black bear claws you but does no damage.
The black bear bites you.
* * * LOW HITPOINT WARNING * * *
The black bear claws you.
* * * LOW HITPOINT WARNING * * *
The black bear claws you.
* * * LOW HITPOINT WARNING * * *
Unknown command.
Throw: 9 darts (poison)
Aim: a black bear (severely wounded, berserk, 65% to hit)
You throw a poisoned dart. The poisoned dart hits the black bear.
The black bear is poisoned.
The black bear bites you but does no damage.
The black bear barely misses you. x2
Unknown command.
Throw: 8 darts (poison)
Aim: a black bear (severely wounded, berserk, poisoned, 65% to hit)
You throw a poisoned dart.
The poisoned dart closely misses the black bear.
The poisoned dart barely misses the black bear.
The black bear bites you!
* * * LOW HITPOINT WARNING * * *
The black bear claws you but does no damage. x2
The black bear bites you but does no damage.
The black bear claws you.
You die...

#.#.## #######.#..##
#...........#
.#######.#####.#...#
...)...........#...#
.........#######...#
.######......).....#
##.####.####.# #.#
#@# .# #.# #h# ..
#.# .h. #.. .....
#####..... ##.#.._
.(#.P.. ###.....


You could see 2 black bears.

Vanquished Creatures
  2 ogres
  An iguana (D:4)
  2 hound skeletons (D:4)
  4 adders
  An ufetubus (D:3)
  An adder skeleton (D:4)
  2 worms (D:3)
  2 dart slugs
  2 orcs (D:4)
  4 bats
  6 endoplasms
  9 goblins
  3 hobgoblins
  6 jackals
  2 quokkas
  6 ball pythons
  A frilled lizard (D:3)
  7 kobolds
  6 rats
67 creatures vanquished.

Vanquished Creatures (others)
  19 plants (D:3)
19 creatures vanquished.

Grand Total: 86 creatures vanquished

Notes
Turn   | Place    | Note
-------+----------+-------------------------------------------
     0 | Abyss:1  | Brandom the Draconian Abyssal Knight began the quest for
                  | the Orb.
     0 | Abyss:1  | Reached XP level 1. HP: 19/19 MP: 2/2
    59 | D:1      | Escaped the Abyss
   185 | D:1      | Found a faded altar of an unknown god.
   203 | D:1      | Reached XP level 2. HP: 23/26 MP: 3/3
   809 | D:2      | Reached XP level 3. HP: 13/33 MP: 4/4
   812 | D:2      | Reached ** piety under Lugonu
   813 | D:2      | Reached skill level 4 in Fighting
  1933 | D:3      | Reached XP level 4. HP: 40/40 MP: 6/6
  2387 | D:3      | Noticed an ogre
  2398 | D:3      | Killed an ogre
  2399 | D:3      | Reached XP level 5. HP: 47/47 MP: 7/7
  2456 | D:3      | You fall into a shaft and drop 1 floor!
  2831 | D:3      | Reached skill level 5 in Fighting
  2899 | D:3      | Found a glowing silver altar of Zin.
  2899 | D:3      | Found a hide-covered altar of Uskayaw.
  3240 | D:4      | Found a sacrificial altar of Ru.
  3261 | D:4      | Noticed MovingMist's ghost (amateur GrFi)
  3262 | D:4      | Found a runed translucent gate.
  3262 | D:4      | Found a runed translucent gate.
  3262 | D:4      | Noticed p0werm0de's ghost (novice GrFi)
  3263 | D:4      | Found a runed translucent gate.
  3263 | D:4      | Noticed Xenophilius's ghost (weakling OgAK)
  3263 | D:4      | Noticed orehx's ghost (amateur OpTm)
  3394 | D:4      | Noticed an ogre
  3521 | D:4      | Killed an ogre
  3522 | D:4      | Reached XP level 6. HP: 11/56 MP: 8/8
  3904 | D:4      | Found a bloodstained altar of Trog.
  3919 | D:4      | Slain by a black bear

Illustrated notes

Levels and vault maps discovered:
D:1:      minmay_arrival_shattered_statue, layout_basic,
          hellmonk_ecumenical_altar_arch_garden, st_stairs_6
D:2:      layout_loops_corners, st_stairs_4, minivault_25
D:3:      layout_loops_ring, gammafunk_temple_overflow_pools, serial_bayou,
          serial_bayou_lagoon_b, serial_bayou_ford_a, serial_bayou_lagoon_a,
          serial_bayou_lake_a
D:4:      layout_loops_ring, hangedman_ru_absence, tso_altar,
          trog_ov_bears_minmay, gammafunk_ghost_cemetery

Skill      XL: |  1  2  3  4  5 |
---------------+----------------+-----
Fighting       | 4 5 |  5.5
Long Blades    | 3 |  3.4
Dodging        | 3 |  3.3
Invocations    | 3 |  3.6

Action                   |  1- 3 |  4- 6 || total
-------------------------+-------+-------++-------
Melee: Falchion          |   111 |   118 ||   229
       Tailslap          |    13 |    21 ||    34
Throw: Dart              |       |    14 ||    14
 Stab: Sleeping          |       |     3 ||     3
Armor: Skin              |    53 |    53 ||   106
Dodge: Dodged            |   107 |   101 ||   208
       Rpst.: Falchion   |    30 |    27 ||    57

Table legend: (Time is in decaauts)
 A = Elapsed time spent in this place.
 B = Non-inter-level travel time spent in this place.
 C = Inter-level travel time spent in this place.
 D = Time resting spent in this place.
 E = Time spent auto-exploring this place.
 F = Levels seen in this place.
 G = Mean time per level.
                   A        B        C        D        E       F      G
               +--------+--------+--------+--------+--------+-----+--------+
         Total |   4045 |   3911 |    134 |      0 |   3220 |   5 |  809.0 |
       Dungeon |   3986 |   3852 |    134 |      0 |   3196 |   4 |  996.5 |
         Abyss |     59 |     59 |      0 |      0 |     24 |   1 |   59.0 |
               +--------+--------+--------+--------+--------+-----+--------+

Top non-repeatable levels by time:
     D:2: 1277 daAuts
     D:4: 1051 daAuts
     D:3: 1044 daAuts
     D:1: 612 daAuts
 Abyss:1: 59 daAuts
